 Dungeon Crawl Stone Soup version 0.28-a0-1629-gf728b707aa (webtiles) character file.

Game seed: 7384720802891576847

1317 Ajdolov the Poker (level 8, -3/72 HPs)
             Began as a Naga Monk on Jan 24, 2022.
             Was a Believer of Cheibriados.
             Slain by Pikel (20 damage)
             ... on level 5 of the Dungeon.
             The game lasted 00:18:52 (6860 turns).

Ajdolov the Poker (Naga Monk)                       Turns: 6860, Time: 00:18:52

Health: -3/72      AC: 11    Str: 19 (20) XL:     8   Next: 59%
Magic:  15/15      EV:  2    Int: 17 (19) God:    Cheibriados [**....]
Gold:   413        SH:  0    Dex: 19      Spells: 13/16 levels left

rFire   . . .      SeeInvis +   y - +0 trident
rCold   . . .      Faith    .   (no shield)
rNeg    . . .      Spirit   .   A - +0 plate armour
rPois   +          Reflect  .   (no helmet)
rElec   .          Harm     .   (no cloak)
rCorr   .          Rampage  .   (no gloves)
Will    ++...                   o - +0 barding
Stlth   ..........              (no amulet)
HPRegen 0.22/turn               (no ring)
MPRegen 0.14/turn               (no ring)

@: short of breath, very slow
A: AC +2, large, see invisible, deformed body, poison resistance, slowness 2,
spit poison 2, naga tail 1, strong-willed 1
a: Breathe Poison Gas, Renounce Religion, Bend Time


You were on level 5 of the Dungeon.
You worshipped Cheibriados.
Cheibriados was pleased with you.
You visited 2 branches of the dungeon, and saw 7 of its levels.

You collected 413 gold pieces.

Inventory:

Hand Weapons
 a - a +0 spear
 y - a +0 trident (weapon)
Armour
 b - a +0 robe
 e - a +0 chain mail
 o - a +0 barding (worn)
 z - a +0 scale mail
 A - a +0 plate armour (worn)
Magical Staves
 j - a staff of fire
 n - a staff of earth
 B - a staff of poison
Jewellery
 u - a ring of ice
 x - a ring of ice
Wands
 C - a wand of polymorph (9)
Scrolls
 c - 6 scrolls of identify
 d - 2 scrolls of noise
 f - a scroll of amnesia {unknown}
 g - a scroll of fog {unknown}
 h - 3 scrolls of teleportation {unknown}
 i - a scroll of torment {unknown}
 k - 2 scrolls of summoning {unknown}
 m - 2 scrolls of fear {unknown}
 v - a scroll of immolation {unknown}
Potions
 l - a potion of flight
 s - a potion of lignification {unknown}


   Skills:
 - Level 4.1 Fighting
 * Level 6.9 Polearms
 - Level 2.4 Dodging
 - Level 3.0 Stealth
 - Level 4.8 Spellcasting
 + Level 2.6 Transmutations
 + Level 2.6 Fire Magic
 + Level 3.5 Poison Magic


You had 13 spell levels left.
You knew the following spells:

 Your Spells              Type           Power      Damage    Failure   Level
a - Ignite Poison         Fire/Tmut/Pois 14%        N/A       99%         3

Your spell library contained the following spells:

 Spells                   Type           Power      Damage    Failure   Level
 Conjure Flame            Conj/Fire      8%         6-21      100%        3
 Gell's Gravitas          Tloc           4%         N/A       100%        3
 Lesser Beckoning         Tloc           4%         N/A       100%        3
 Teleport Other           Tloc           4%         N/A       100%        3
 Sticky Flame             Conj/Fire      8%         2d3       100%        4


Dungeon Overview and Level Annotations

Branches:
Dungeon (6/15)             Temple (1/1) D:5

Altars:
Ashenzari
Cheibriados
Dithmenos
Elyvilon
Hepliaklqana
Kikubaaqudgha
Nemelex Xobeh
Okawaru
Qazlal
Ru
Sif Muna
Trog
Vehumet
Wu Jian
Xom
Zin
The Shining One

Shops:
D:1 (

Annotations:
D:4 Edmund
D:5 Pikel


Innate Abilities, Weirdness & Mutations

Your serpentine skin is tough. (AC +2)
You have supernaturally acute eyesight. (SInv)
Armour fits poorly on your strangely shaped body.
Your system is resistant to poisons. (rPois)
You cover ground very slowly.
You can exhale a cloud of poison.
You have a snake-like lower body.
You are strong-willed. (Will+)


Message History

Pikel hits you but does no damage. Pikel hits you but does no damage.
Pikel hits you with a +1 whip of electrocution.
Pikel hits you but does no damage.
You are electrocuted!
The lemure hits you but does no damage. Pikel hits you but does no damage.
The lemure hits you. Pikel hits you but does no damage. The lemure hits you.
The lemure hits you but does no damage.
There is an escape hatch in the ceiling, spattered with blood here.
Pikel barely misses you. A mysterious force pulls you upwards.
The hatch slams shut behind you.
Okay, then.
As you read the scroll labelled CEIBAD AFOCIRGH, it crumbles to dust.
It is a scroll of identify.
d - 2 scrolls of noise The lemure hits you but does no damage.
Pikel hits you with a +1 whip of electrocution.
Okay, then.
Press: ? - help, v - describe, . - travel
Here: Pikel, wielding a +1 whip of electrocution and wearing a +0 robe The floor.
Aiming: Breathe Poison Gas (4% risk of failure)
Press: ? - help, Shift-Dir - straight line You exhale a blast of poison gas.
The poison gas hits Pikel.
Pikel is lightly wounded.
The lemure hits you!
Pikel is engulfed in poison gas.
Pikel is poisoned.
Pikel hits you but does no damage.
You are electrocuted!
You puncture Pikel!
Pikel is heavily wounded.
The lemure hits you.
Pikel is engulfed in poison gas.
Pikel looks even sicker.
Pikel barely misses you.
You hit Pikel.
Pikel is heavily wounded.
The lemure hits you.
* * * LOW HITPOINT WARNING * * *
Pikel is engulfed in poison gas.
Pikel looks even sicker.
Pikel hits you with a +1 whip of electrocution.
* * * LOW HITPOINT WARNING * * *
You are electrocuted!!
You die...

#.......#..#.# #
#.......#..#.# #
#.......#..#.# #
#.......#..#.###
#............##.
#######.#....##.
#......##.
############......
#@55.......(.)..#.
#K###############.
#○# #............
#○# #.##..<...^..
#○# #.##....#####
#°# #.##.........
#○# #.##....#####
#.# #.##....#####
#.# #.##....##...


You could see Pikel (very poisoned) and 2 lemures.

Vanquished Creatures
  2 water moccasins
  An ice beast (D:6)
  2 necrophages (D:5)
  2 ogres
  3 scorpions
  A howler monkey (D:6)
  A bullfrog zombie (D:5)
  2 hounds (D:5)
  2 orc priests
  A centaur skeleton (D:6)
  3 orc wizards
  A hound skeleton (D:4)
  4 gnolls
  4 adders
  A shadow imp (D:6)
  2 white imps
  2 ufetubi
  3 worms
  9 orcs
  8 endoplasms
  5 giant cockroaches
  9 goblins
  A hobgoblin (D:4)
  2 jackals (D:3)
  3 kobolds
  3 quokkas
  6 ball pythons
  7 bats
  4 frilled lizards
  5 rats
99 creatures vanquished.

Notes
Turn   | Place    | Note
-------+----------+-------------------------------------------
     0 | D:1      | Ajdolov the Naga Monk began the quest for the Orb.
     0 | D:1      | Reached XP level 1. HP: 21/21 MP: 1/1
   341 | D:1      | Reached XP level 2. HP: 28/28 MP: 3/3
   343 | D:1      | Reached skill level 1 in Spellcasting
   745 | D:1      | Reached XP level 3. HP: 34/34 MP: 5/5
   970 | D:1      | Found Nehediro's Antique Weapon Boutique.
  1218 | D:1      | Found a faded altar of an unknown god.
  1568 | D:2      | Reached XP level 4. HP: 42/42 MP: 7/7
  2476 | D:3      | Found an iron altar of Okawaru.
  2699 | D:3      | Found an ancient bone altar of Kikubaaqudgha.
  2702 | D:3      | Found a glowing golden altar of the Shining One.
  2702 | D:3      | Found a bloodstained altar of Trog.
  2704 | D:3      | Found a radiant altar of Vehumet.
  2704 | D:3      | Found a burning altar of Makhleb.
  2704 | D:3      | Found a shimmering altar of Xom.
  2824 | D:4      | Noticed a scorpion
  2841 | D:4      | Gained mutation: You can exhale a cloud of poison. [potion
                  | of mutation]
  2841 | D:4      | Gained mutation: You are strong-willed. (Will+) [potion of
                  | mutation]
  2843 | D:4      | Killed a scorpion
  2844 | D:4      | Reached XP level 5. HP: 19/50 MP: 9/9
  3057 | D:4      | Reached skill level 4 in Polearms
  3158 | D:4      | Noticed Edmund
  3235 | D:4      | Found a broken altar of Ashenzari.
  4248 | D:5      | Entered Level 5 of the Dungeon
  4256 | D:5      | Reached XP level 6. HP: 57/57 MP: 11/11
  4314 | D:5      | Noticed a necrophage
  4686 | D:5      | Noticed a water moccasin
  4716 | D:5      | Found a staircase to the Ecumenical Temple.
  4726 | Temple   | Entered the Ecumenical Temple
  4764 | Temple   | Became a worshipper of Cheibriados the Contemplative
  4764 | Temple   | Reached * piety under Cheibriados
  4764 | Temple   | Reached ** piety under Cheibriados
  4813 | D:5      | Reached skill level 5 in Polearms
  4813 | D:5      | Reached XP level 7. HP: 64/64 MP: 13/13
  5018 | D:5      | Learned a level 3 spell: Ignite Poison
  5205 | D:5      | Reached skill level 1 in Poison Magic
  5491 | D:5      | Reached skill level 1 in Transmutations
  5491 | D:5      | Reached skill level 1 in Fire Magic
  5728 | D:6      | Reached skill level 6 in Polearms
  5887 | D:6      | HP: 3/64 [poisoned by a water moccasin]
  5890 | D:6      | Reached XP level 8. HP: 4/72 MP: 15/15
  6324 | D:6      | Found a shadowy altar of Dithmenos.
  6537 | D:6      | Found an ornate altar of the Wu Jian Council.
  6843 | D:6      | Noticed Pikel
  6860 | D:5      | Slain by Pikel

Illustrated notes

Levels and vault maps discovered:
D:1:      saegor_arrival_simple_b, layout_loops_ring, serial_shops,
          nicolae_shop_window_shopping, dilly_ecumenical_altar_fadedgnrine,
          eino_curves_04, serial_park_tiny_2
D:2:      layout_rooms, minivault_26
D:3:      layout_rooms, doesnt_xom_only_xom, amcnicky_altar_gilded
D:4:      layout_basic, mainiacjoe_overflow_chevrons, uniq_edmund
D:5:      layout_basic, minmay_temple_entry_grid
D:6:      layout_basic, grunt_dithmenos_shadows, nicolae_wu_jian_wuxing_cycle,
          uniq_pikel
Temple:   nicolae_temple_god_jail

Skill      XL: |  1  2  3  4  5  6  7  8 |
---------------+-------------------------+-----
Spellcasting   | 1 2 3 4 |  4.8
Polearms       | 4 5 6 |  6.9
Fighting       | 4 |  4.1
Poison Magic   | 2 3 |  3.5
Transmutations | 1 2 |  2.6
Fire Magic     | 1 2 |  2.6
Dodging        | |  2.4
Stealth        | |  3.0

Action                   |  1- 3 |  4- 6 |  7- 9 || total
-------------------------+-------+-------+-------++-------
Melee: Spear             |   125 |   145 |       ||   270
       Punch             |       |     2 |     2 ||     4
       Trident           |       |    18 |   133 ||   151
 Abil: Spit Poison       |     6 |     5 |       ||    11
       Breathe Poison Ga |       |    10 |     9 ||    19
  Use: Potion            |       |     4 |     3 ||     7
       Scroll            |       |       |     1 ||     1
 Stab: Sleeping          |    14 |     7 |       ||    21
Armor: Robe              |    18 |    51 |       ||    69
       Plate armour      |       |       |   107 ||   107
Dodge: Dodged            |    54 |    57 |    13 ||   124

Table legend: (Time is in decaauts)
 A = Elapsed time spent in this place.
 B = Non-inter-level travel time spent in this place.
 C = Inter-level travel time spent in this place.
 D = Time resting spent in this place.
 E = Time spent auto-exploring this place.
 F = Levels seen in this place.
 G = Mean time per level.
                   A        B        C        D        E       F      G
               +--------+--------+--------+--------+--------+-----+--------+
         Total |   9051 |   8731 |    320 |   1703 |   5592 |   7 | 1293.0 |
       Dungeon |   8972 |   8677 |    295 |   1703 |   5563 |   6 | 1495.3 |
        Temple |     78 |     53 |     25 |      0 |     28 |   1 |   78.0 |
               +--------+--------+--------+--------+--------+-----+--------+

Top non-repeatable levels by time:
     D:5: 1905 daAuts
     D:6: 1881 daAuts
     D:4: 1775 daAuts
     D:1: 1640 daAuts
     D:3: 935 daAuts
     D:2: 834 daAuts
  Temple: 78 daAuts
